 Dungeon Sprint DCSS version 0.30-a0-591-g3c58d2bc28 (webtiles) character file.

Game seed: 8580544585250340949

10784 mhtbhm the Brawler (level 11, -13/103 HPs)
             Began as a Troll Transmuter on Jan 5, 2023.
             Was an Initiate of Gozag.
             Mangled by a shadow (28 damage)
             ... in the Dungeon (Sprint VII: "The Pits").
             The game lasted 00:05:28 (1436 turns).

mhtbhm the Brawler (Troll Transmuter)               Turns: 1436, Time: 00:05:29

Health: -13/103    AC:  7    Str: 27    XL:     11   Next: 40%
Magic:  14/22      EV: 14    Int:  9    God:    Gozag
Gold:   1413       SH:  7    Dex: 10    Spells: 11/26 levels left

rFire   . . .      SeeInvis .      - Unarmed
rCold   . . .      Faith    .    (shield currently unavailable)
rNeg    . . .      Spirit   .    a - +0 robe
rPois   .          Reflect  +    (helmet restricted)
rElec   .          Harm     .    l - +0 cloak
rCorr   .          Rampage  .    (gloves unavailable)
Will    .....      NoTele   +    (boots unavailable)
Stlth   ++                       r - amulet of reflection
HPRegen 1.17/turn                m - +3 ring of strength
MPRegen 0.18/turn                q - ring of the Octopus King {Wiz HP+2 AC+2 EV+2 SH+2}

@: blade hands, wereblooded (expiring), gold aura, slowed, very slow
A: large, unfitting armour, claws 3, regeneration 1, shaggy fur 1, tough skin 1
a: End Transformation, Renounce Religion, Potion Petition, Call Merchant, Bribe
Branch


You were in the Dungeon.
You worshipped Gozag.
Gozag was most pleased with you.
You had blades for hands.
You visited 1 branch You collected 4455 gold pieces.
You spent 1750 gold pieces at shops.
You paid 1292 gold pieces to Gozag.

Inventory:

Armour
 a - a +0 robe (worn)
 l - a +0 cloak (worn)
Jewellery
 m - a +3 ring of strength (left blade hand)
 q - a ring of the Octopus King (right blade hand) {Wiz HP+2 AC+2 EV+2 SH+2}
   (You bought it in a shop in the Dungeon)

   [ring of wizardry]

   It improves your spell success rate.
   AC:        It affects your AC (+2).
   EV:        It affects your evasion (+2).
   HP:        It affects your health (+2).
   SH:        It affects your SH (+2).
 r - an amulet of reflection (around neck)
Scrolls
 j - 5 scrolls of amnesia
 k - a scroll of summoning
Potions
 b - a potion of lignification
 c - 8 potions of curing
 d - 5 potions of heal wounds
 e - 2 potions of haste
 f - 4 potions of magic
 g - 3 potions of berserk rage
 i - 2 potions of invisibility
 o - a potion of resistance
 p - 3 potions of mutation


   Skills:
 + Level 4.7 Fighting
 + Level 8.5 Dodging
 + Level 3.1 Stealth
 + Level 4.2 Shields
 + Level 17.7 Unarmed Combat
 + Level 8.3 Spellcasting
 + Level 9.4 Transmutations
 + Level 4.7 Ice Magic
 + Level 2.0 Poison Magic


You had 11 spell levels left.
You knew the following spells:

 Your Spells              Type           Power      Damage    Failure   Level
a - Beastly Appendage     Tmut           40%        N/A       4%          1
b - Wereblood             Tmut           20%        N/A       4%          2
c - Spider Form           Tmut/Pois      14%        N/A       13%         3
d - Ice Form              Ice/Tmut       16%        N/A       21%         4
e - Blade Hands           Tmut           10%        N/A       21%         5

Your spell library contained the following spells:

 Spells                   Type           Power      Damage    Failure   Level
 Summon Guardian Golem    Hex/Summ       3%         N/A       52%         3
 Yara's Violent Unravell  Hex/Tmut       6%         3d5       58%         5
 Eringya's Noxious Bog    Tmut/Pois      7%         N/A       89%         6


Dungeon Overview and Level Annotations

Branches:
Dungeon (1/1)

Altars:
Ashenzari
Cheibriados
Dithmenos
Elyvilon
Fedhas
Gozag
Hepliaklqana
Kikubaaqudgha
Makhleb
Nemelex Xobeh
Okawaru
Qazlal
Ru
Sif Muna
Trog
Uskayaw
Vehumet
Wu Jian
Xom
Yredelemnul
Zin
The Shining One
Jiyva
Lugonu

Shops:
D :=


Innate Abilities, Weirdness & Mutations

You have blades for hands.
Your spellcasting is less reliable in this form.
You are incapable of wielding weapons or throwing items.
You are too large for most types of armour.
You have claws for hands.
Your natural rate of healing is unusually fast.
You are covered in fur. (AC +1)
You have tough skin. (AC +1)


Message History

* * * LOW HITPOINT WARNING * * *
Something drains your vigour!
You feel as though you will be slow longer.
The shadow misses you. The wyvern bites you!
* * * LOW HITPOINT WARNING * * *
Blink to where?
Press: ? - help, Dir - move target
As you read the scroll of blinking, it crumbles to dust.
You howl as the wereblood boils in your veins!
You feel much better.
Your primal bloodlust is almost over.
The shadow slips into darkness.
The shadow flickers and vanishes!
Casting: Wereblood (safe; 1% risk of failure)
Confirm with . or Enter, or press ? or * to list all spells.
Your claws turn into razor-sharp scythe blades.
Something hits you!
* * * LOW HITPOINT WARNING * * *
You slice the wyvern!!
The wyvern is almost dead.
You howl as the wereblood boils in your veins!
You block the wyvern's attack. The wyvern barely misses you.
Something hits you!!
* * * LOW HITPOINT WARNING * * *
Something drains your vigour!
You feel as though you will be slow longer.
You feel much better. You block the wyvern's attack. Something hits you!
* * * LOW HITPOINT WARNING * * *
Something drains your vigour!
You feel as though you will be slow longer.
The wyvern bites you but does no damage.
The shadow strikes at you from the darkness!
Unknown command.
You barely miss the wyvern. You slash the wyvern.
You feel a bit better.
You kill the wyvern!
Something hits you!
* * * LOW HITPOINT WARNING * * *
The shadow strikes at you from the darkness!
You die...
Your body crumbles into a pile of gold.

........##...)..........#
#''######################
#''##### ###########
#......# #.........#
#......# #.......# $
##....## ####.).# ##)[##
###..+...+
##.)).###....##'##
#..∩...#....##..@##
#......'....'..$..+
#......#....##...##
##....###....##'## ##'[##
###..+.$.+ #....#
####...### #......#
#.......# #......#
#.........# ########
###########


There were no monsters in sight!

Vanquished Creatures
  An anaconda (D)
  A dancing weapon (D)
  2 death yaks (D)
  2 spriggans (D)
  A spriggan druid (D)
  Pikel (D)
  4 harpies (D)
  A manticore (D)
  An unseen horror (D)
  2 gargoyles (D)
  A freezing wraith (D)
  A komodo dragon (D)
  A kobold demonologist (D)
  A hornet (D)
  5 blink frogs (D)
  A snapping turtle (D)
  A flying skull (D)
  A wyvern (D)
  2 shadows (D)
  A wraith (D)
  A steam dragon (D)
  2 wargs (D)
  A floating eye (D)
  An orc warrior (D)
  A black bear (D)
  A centaur (D)
  3 lemures (D)
  A bullfrog (D)
  A scorpion (D)
  A crimson imp (D)
  A quasit (D)
  An iron imp (D)
  2 jellies (D)
  Crazy Yiuf (D)
  A hound (D)
  An iguana (D)
  2 orc wizards (D)
  An adder (D)
  A river rat (D)
  An ufetubus (D)
  A worm (D)
  4 orcs (D)
  A bat skeleton (D)
  2 goblins (D)
  A hobgoblin (D)
  5 kobolds (D)
  2 frilled lizards (D)
  A rat (D)
73 creatures vanquished.

Notes
Turn   | Place    | Note
-------+----------+-------------------------------------------
     0 | D        | mhtbhm the Troll Transmuter began the quest for the Orb.
     0 | D        | Reached XP level 1. HP: 18/18 MP: 1/1
    17 | D        | Found a bloodstained altar of Trog.
    17 | D        | Found a shimmering blue altar of Sif Muna.
    17 | D        | Found a viscous altar of Jiyva.
    17 | D        | Found a hazy altar of Hepliaklqana.
    17 | D        | Found an opulent altar of Gozag.
    18 | D        | Found a glowing golden altar of the Shining One.
    18 | D        | Found a glowing silver altar of Zin.
    18 | D        | Found a basalt altar of Yredelemnul.
    18 | D        | Found a shimmering altar of Xom.
    18 | D        | Found an ornate altar of the Wu Jian Council.
    18 | D        | Found a sacrificial altar of Ru.
    18 | D        | Found a stormy altar of Qazlal.
    18 | D        | Found an iron altar of Okawaru.
    18 | D        | Found a sparkling altar of Nemelex Xobeh.
    18 | D        | Found a burning altar of Makhleb.
    18 | D        | Found a blossoming altar of Fedhas.
    18 | D        | Found a white marble altar of Elyvilon.
    18 | D        | Found a shadowy altar of Dithmenos.
    18 | D        | Found a snail-covered altar of Cheibriados.
    20 | D        | Found a radiant altar of Vehumet.
    20 | D        | Found a corrupted altar of Lugonu.
    21 | D        | Found a hide-covered altar of Uskayaw.
    21 | D        | Found an ancient bone altar of Kikubaaqudgha.
    21 | D        | Found a broken altar of Ashenzari.
    27 | D        | Became a worshipper of Gozag Ym Sagoz the Greedy
    66 | D        | Reached skill level 1 in Fighting
    82 | D        | Noticed a scorpion
    89 | D        | Killed a scorpion
    90 | D        | Reached skill level 6 in Unarmed Combat
    90 | D        | Reached XP level 2. HP: 25/27 MP: 0/4
    90 | D        | Reached XP level 3. HP: 31/33 MP: 0/5
    92 | D        | Reached XP level 4. HP: 40/41 MP: 0/6
   147 | D        | Learned a level 2 spell: Wereblood
   151 | D        | Learned a level 3 spell: Spider Form
   155 | D        | Noticed a floating eye
   158 | D        | Killed a floating eye
   159 | D        | Reached skill level 8 in Unarmed Combat
   159 | D        | Reached XP level 5. HP: 48/48 MP: 1/8
   250 | D        | Noticed a flying skull
   263 | D        | Killed a flying skull
   264 | D        | Reached skill level 9 in Unarmed Combat
   264 | D        | Reached skill level 1 in Poison Magic
   264 | D        | Reached XP level 6. HP: 50/57 MP: 1/11
   275 | D        | Reached skill level 10 in Unarmed Combat
   294 | D        | Reached XP level 7. HP: 49/65 MP: 3/12
   364 | D        | Learned a level 4 spell: Ice Form
   405 | D        | Noticed Crazy Yiuf
   413 | D        | Reached skill level 11 in Unarmed Combat
   413 | D        | Reached skill level 5 in Transmutations
   413 | D        | Killed Crazy Yiuf
   414 | D        | Reached skill level 5 in Dodging
   419 | D        | Reached skill level 1 in Stealth
   421 | D        | Noticed a shadow
   421 | D        | Noticed a gargoyle
   429 | D        | Killed a shadow
   430 | D        | Reached skill level 5 in Spellcasting
   434 | D        | Killed a gargoyle
   435 | D        | Reached skill level 12 in Unarmed Combat
   435 | D        | Reached XP level 8. HP: 72/72 MP: 8/15
   695 | D        | Noticed a death yak
   695 | D        | Noticed a gargoyle
   705 | D        | Killed a death yak
   706 | D        | Reached skill level 13 in Unarmed Combat
   706 | D        | Reached skill level 1 in Ice Magic
   709 | D        | Killed a gargoyle
   710 | D        | Reached XP level 9. HP: 28/80 MP: 11/17
   722 | D        | Bought a ring of the Octopus King {Wiz HP+2 AC+2 EV+2 SH+2}
                  | for 730 gold pieces
   722 | D        | Found the ring of the Octopus King {Wiz HP+2 AC+2 EV+2
                  | SH+2}
   722 | D        | Bought an amulet of reflection for 330 gold pieces
   775 | D        | Noticed a spriggan rider
   781 | D        | Killed a spriggan rider
   782 | D        | Reached skill level 14 in Unarmed Combat
   783 | D        | Reached skill level 1 in Shields
   791 | D        | Noticed a kobold demonologist
   792 | D        | Noticed a harpy
   793 | D        | Noticed a harpy
   794 | D        | Noticed a harpy
   797 | D        | Noticed a rust devil
   798 | D        | Killed a kobold demonologist
   802 | D        | Killed a harpy
   803 | D        | Killed a harpy
   804 | D        | Reached skill level 15 in Unarmed Combat
   804 | D        | Reached XP level 10. HP: 66/91 MP: 14/19
   805 | D        | Noticed a harpy
   813 | D        | Killed a harpy
   819 | D        | Killed a harpy
   981 | D        | Noticed an anaconda
   992 | D        | Killed an anaconda
  1008 | D        | Noticed a +2 mace of holy wrath
  1015 | D        | Killed a +2 mace of holy wrath
  1016 | D        | Reached skill level 16 in Unarmed Combat
  1173 | D        | Reached XP level 11. HP: 100/100 MP: 15/21
  1188 | D        | Noticed a spriggan druid
  1191 | D        | Killed a spriggan druid
  1219 | D        | Bought the Guidebook on Creation and Reconstruction for 690
                  | gold pieces
  1225 | D        | Learned a level 5 spell: Blade Hands
  1244 | D        | Reached skill level 17 in Unarmed Combat
  1261 | D        | Noticed a death yak
  1269 | D        | Killed a death yak
  1322 | D        | Noticed Pikel
  1328 | D        | Killed Pikel
  1434 | D        | HP: 5/103 [something (19)]
  1436 | D        | Mangled by a shadow

Illustrated notes

Levels and vault maps discovered:
D:        pitsprint [storerooms_1, entrance_room_1, metal_vault_2, armoury_1,
          mini_pit_1, grid_room_1, main_hall_1, silver_pit, the_coven_3,
          the_vestibule_1, steel_vault_1, golden_pit, hallway_of_sentries,
          crystal_vault_2, iron_vault_4, final_vault]

Skill      XL: |  1  2  3  4  5  6  7  8  9 10 11 |
---------------+----------------------------------+-----
Fighting       | 1 2 3 4 |  4.7
Dodging        | 2 3 4 5 6 7 8 |  8.5
Unarmed Combat | 6 8 9 10 12 13 15 16 17 | 17.7
Spellcasting   | 2 3 4 5 6 7 8 |  8.3
Transmutations | 2 3 4 5 6 7 8 9 |  9.4
Poison Magic   | 1 2 |  2.0
Stealth        | 1 2 3 |  3.1
Ice Magic      | 1 3 4 |  4.7
Shields        | 1 3 4 |  4.2

Action                   |  1- 3 |  4- 6 |  7- 9 | 10-12 || total
-------------------------+-------+-------+-------+-------++-------
Melee: Unarmed           |    14 |    26 |    44 |    90 ||   174
       Kick              |     3 |     2 |       |       ||     5
       Headbutt          |     2 |     2 |       |       ||     4
       Punch             |       |       |       |     4 ||     4
 Cast: Beastly Appendage |     2 |     1 |       |       ||     3
       Wereblood         |       |     2 |     4 |     7 ||    13
       Spider Form       |       |     2 |       |       ||     2
       Ice Form          |       |       |     3 |     4 ||     7
       Blade Hands       |       |       |       |     5 ||     5
Invok: Call Merchant     |       |       |     1 |     1 ||     2
  Use: Potion            |       |       |     1 |     4 ||     5
       Scroll            |       |       |       |     1 ||     1
Armor: Robe              |    12 |     2 |       |    11 ||    25
       Skin              |       |       |    11 |    15 ||    26
Dodge: Dodged            |     2 |    13 |    18 |    40 ||    73
Block: Other             |       |       |     9 |    28 ||    37
       Reflection        |       |       |     3 |       ||     3

Table legend: (Time is in decaauts)
 A = Elapsed time spent in this place.
 B = Non-inter-level travel time spent in this place.
 C = Inter-level travel time spent in this place.
 D = Time resting spent in this place.
 E = Time spent auto-exploring this place.
 F = Levels seen in this place.
 G = Mean time per level.
                   A        B        C        D        E       F      G
               +--------+--------+--------+--------+--------+-----+--------+
         Total |   1397 |   1397 |      0 |    519 |     67 |   1 | 1397.0 |
       Dungeon |   1397 |   1397 |      0 |    519 |     67 |   1 | 1397.0 |
               +--------+--------+--------+--------+--------+-----+--------+

Top non-repeatable levels by time:
       D: 1397 daAuts
